 Dungeon Crawl Stone Soup version 0.30.0-16-gbe6223bb7e (webtiles) character file.

Game seed: 18233824229083062218

26782 SleepySteel the Thaumaturge (level 13, 0/74 (80) HPs)
             Began as a Deep Elf Conjurer on May 20, 2023.
             Was a High Priest of Lugonu.
             Engulfed by a ghost crab's spectral mist (11 damage)
             ... on level 3 of the Lair of Beasts on May 21, 2023.
             The game lasted 01:02:07 (17232 turns).

SleepySteel the Thaumaturge (Deep Elf Conjurer)    Turns: 17232, Time: 01:02:10

HP:   0/74 (80)     AC: 11    Str:  4    XL:     13   Next: 0%
MP:   15/30         EV: 16    Int: 39    God:    Lugonu [*****.]
Gold: 177           SH:  0    Dex: 15    Spells: 4/34 levels left

rFire   . . .        G - staff of conjuration
rCold   . . .        (no shield)
rNeg    . . .        a - +2 robe {Archmagi}
rPois   .            U - +2 helmet
rElec   .            (no cloak)
rCorr   .            V - +2 pair of gloves
SInv    .            d - +0 pair of boots
Will    +....        P - amulet of magic regeneration
Stlth   ++           x - +6 ring of intelligence
HPRegen 0.32/turn    l - +6 ring of intelligence
MPRegen 0.62/turn

%: archmagi
@: about to teleport, drained
A: no striking features
a: Renounce Religion, Depart the Abyss, Banish, Corrupt, Enter the Abyss


You were on level 3 of the Lair of Beasts.
You worshipped Lugonu.
Lugonu was extremely pleased with you.
You visited 3 branches of the dungeon, and saw 15 of its levels.
You also visited: Bailey.

You collected 837 gold pieces.
You spent 660 gold pieces at shops.

Inventory:

Hand Weapons
 e - a +0 dagger of venom
Missiles
 o - 11 javelins
 K - 3 throwing nets
Armour
 a - a +2 robe of the Archmagi (worn)
 d - a +0 pair of boots (worn)
 B - a scarf of shadows
 U - a +2 helmet (worn)
 V - a +2 pair of gloves (worn)
 Z - a +4 troll leather armour
Magical Staves
 A - a staff of poison
 G - a staff of conjuration (weapon)
 S - a staff of fire
Jewellery
 l - a +6 ring of intelligence (right hand)
 u - an amulet of reflection
 x - a +6 ring of intelligence (left hand)
 y - a ring of positive energy
 D - a ring of flight
 F - an amulet of reflection
 J - a +6 ring of strength
 P - an amulet of magic regeneration (around neck)
 Q - a ring of resist corrosion
 T - a ring of poison resistance
Wands
 C - a wand of charming (12)
 E - a wand of roots (2)
 M - a wand of digging (4)
 W - a wand of flame (20)
 X - a wand of polymorph (10)
Scrolls
 c - a scroll of silence
 f - a scroll of immolation {unknown}
 g - 4 scrolls of vulnerability
 h - a scroll of enchant weapon
 j - a scroll of fog
 k - 10 scrolls of teleportation
 n - 5 scrolls of blinking
 r - 2 scrolls of poison
 w - 4 scrolls of magic mapping
 I - 2 scrolls of enchant armour
 R - a scroll of fear
Potions
 b - 2 potions of magic
 i - 2 potions of cancellation
 m - 3 potions of brilliance
 p - 2 potions of heal wounds
 q - 4 potions of haste
 s - a potion of resistance
 t - a potion of lignification
 v - 3 potions of flight
 z - 6 potions of curing
 L - 3 potions of mutation
 Y - a potion of ambrosia
Miscellaneous
 N - a tin of tremorstones (2/2)


   Skills:
 - Level 9.0 Fighting
 - Level 9.0 Dodging
 - Level 2.4 Stealth
 - Level 11.0 Spellcasting
 - Level 9.0 Conjurations
 - Level 9.0 Hexes
 * Level 5.3 Summonings
 - Level 7.0 Translocations
 - Level 3.0 Fire Magic
 - Level 3.0 Poison Magic
 - Level 9.0 Invocations
 - Level 5.0 Evocations


You had 4 spell levels left.
You knew the following spells:

 Your Spells              Type           Power      Damage    Failure   Level
a - Magic Dart            Conj           100%       1d8       1%          1
b - Searing Ray           Conj           100%       2d8       1%          2
c - Dazzling Flash        Conj/Hex       100%       N/A       1%          3
d - Fulminant Prism       Conj/Hex       58%        3d24      1%          4
e - Iskenderun's Mystic   Conj/Tloc      100%       2d19      1%          4
f - Slow                  Hex            100%       N/A       1%          1
g - Gell's Gravitas       Tloc           85%        N/A       1%          3
h - Teleport Other        Tloc           85%        N/A       1%          3
i - Summon Forest         Summ/Tloc      40%        N/A       3%          5
j - Cause Fear            Hex            47%        N/A       1%          4

Your spell library contained the following spells:

 Spells                   Type           Power      Damage    Failure   Level
 Confusing Touch          Hex            95%        N/A       1%          3
 Inner Flame              Hex/Fire       80%        N/A       1%          3
 Flame Wave               Conj/Fire      100%       2d21      1%          4
 Passage of Golubria      Tloc           85%        N/A       1%          4
 Sticky Flame             Conj/Fire      100%       2d11      1%          4
 Sublimation of Blood     Necr           32%        N/A       2%          2
 Anguish                  Hex/Necr       35%        N/A       2%          4
 Vampiric Draining        Necr           32%        2d8       4%          3
 Petrify                  Tmut/Erth      32%        N/A       17%         4
 Summon Mana Viper        Hex/Summ       86%        N/A       2%          5
 Irradiate                Conj/Tmut      45%        3d26      8%          5
 Silence                  Hex/Air        35%        N/A       8%          5
 Dispersal                Tloc           42%        N/A       14%         6
 Summon Cactus Giant      Summ           38%        N/A       28%         6
 Enfeeble                 Hex            47%        N/A       34%         7
 Lehudib's Crystal Spear  Conj/Erth      45%        10d11     100%        8


Dungeon Overview and Level Annotations

Branches:
Dungeon (11/15)            Temple (0/1) D:4            Lair (3/5) D:11
  Swamp (0/4) Lair:3       Spider (1/4) Lair:2       Bailey (visited)
    Orc: D:9-12

Altars:
Cheibriados
Dithmenos
Elyvilon
Fedhas
Kikubaaqudgha
Makhleb
Nemelex Xobeh
Qazlal
Sif Muna
Trog
Uskayaw
Vehumet
Yredelemnul
The Shining One
Lugonu

Shops:
D:1 =

Annotations:
D:10 4 transporters
Abyss:1 Gastronok, Sonja


Message History

The spectral mist engulfs the spectral rime drake but does no damage.
Your fulminant prism explodes!
The blast of energy engulfs the ghost crab!
The ghost crab is moderately damaged.
Unknown command.
Unknown command.
You are engulfed in spectral mist.
The ghost crab breathes spectral mist at you.
The spectral mist engulfs the spectral rime drake but does no damage.
The spectral rime drake closely misses you.
You are engulfed in spectral mist.
The spectral death yak misses you. The spectral death yak gores you!!
* * * LOW HITPOINT WARNING * * *
You feel drained.
* * * LOW HITPOINT WARNING * * *
You feel much better.
The spectral rime drake bites you but does no damage.
The spectral death yak gores you!
* * * LOW HITPOINT WARNING * * *
You feel drained.
* * * LOW HITPOINT WARNING * * *
As you read the scroll of teleportation, it crumbles to dust.
You feel strangely unstable.
The spectral rime drake bites you but does no damage.
The spectral death yak gores you.
* * * LOW HITPOINT WARNING * * *
Unknown command.
The spectral death yak attacks as you move away!
The spectral death yak gores you but does no damage.
The spectral rime drake bites you but does no damage.
The ghost crab breathes spectral mist at you.
The spectral mist engulfs the spectral rime drake but does no damage.
The spectral rime drake bites you but does no damage.
The spectral black mamba attacks as you move away!
The spectral black mamba barely misses you.
The spectral rime drake attacks as you move away!
The spectral rime drake bites you.
* * * LOW HITPOINT WARNING * * *
You are engulfed in spectral mist.
You die...

...............##
........#.###P..#
#.#.#..## ##.##
##..## #.# ##.# #.##
#.Z## ##..# ########
##.§## #...#
..#....####§§§####.##
............#ZZ☼@☼§.#
.#P###.P####..Z######
#### #### ##○○# #☼Z§#
# ##§## # ##§§# #
#.t## #.○# #### ##§##


You could see a spectral black mamba (summoned), a spectral death yak (summoned)
and a spectral rime drake.

Vanquished Creatures
  Harold (D:9)
  2 hydras (Lair:2)
  Erica (D:11)
  4 death yaks (Lair:2)
  A two-headed ogre (D:11)
  A boulder beetle (Lair:3)
  A skyshark (Lair:2)
  A manticore (D:11)
  Joseph (D:10)
  3 cane toads
  Psyche (D:11)
  Maggie (D:9)
  A kobold demonologist (D:10)
  2 komodo dragons
  4 trolls
  2 hornets
  A spectral black mamba (Lair:3)
  2 shadows
  36 yaks
  3 wyverns
  2 basilisks
  2 vampire mosquitoes (D:10)
  2 steam dragons
  An acid dragon (D:11)
  9 water moccasins
  A spectral torpor snail (Lair:3)
  5 orc warriors
  A spectral blink frog (Lair:3)
  A sky beast (D:7)
  2 ice beasts
  A black bear (D:6)
  2 ogres
  10 wolves
  A centaur (D:10)
  A phantom (D:5)
  4 kobold brigands
  2 scorpions
  8 bullfrogs
  A gnoll sergeant (D:10)
  3 wights (D:8)
  13 killer bees
  9 howler monkeys
  6 hounds
  7 orc priests
  3 gnoll boudas
  2 jellies (D:4)
  2 iguanas
  Jessica (D:2)
  Natasha (thrice) (D:3)
  11 orc wizards
  26 gnolls
  4 adders
  3 shadow imps
  A white imp (D:6)
  2 worms
  7 dart slugs
  33 orcs
  5 ball pythons
  A bat zombie (D:9)
  16 endoplasms
  3 giant cockroaches
  8 goblins
  8 hobgoblins
  5 jackals
  21 kobolds
  2 quokkas
  9 bats
  2 frilled lizards (D:2)
  7 rats
348 creatures vanquished.

Vanquished Creatures (others)
  113 fulminant prisms
113 creatures vanquished.

Grand Total: 461 creatures vanquished

Notes
Turn   | Place    | Note
-------+----------+-------------------------------------------
     0 | D:1      | SleepySteel the Deep Elf Conjurer began the quest for the
                  | Orb.
     0 | D:1      | Reached XP level 1. HP: 10/10 MP: 6/6
   135 | D:1      | Reached XP level 2. HP: 15/15 MP: 1/8
   292 | D:1      | Found a faded altar of an unknown god.
   317 | D:1      | Prayed at the altar of an unknown god.
   317 | D:1      | Became a worshipper of Lugonu the Unformed
   317 | D:1      | Reached * piety under Lugonu
   473 | D:1      | Reached skill level 4 in Spellcasting
   554 | D:1      | Found Pecwosedu's Jewellery Shoppe.
  1127 | D:1      | Reached XP level 3. HP: 19/19 MP: 3/10
  1398 | D:2      | You fall into a shaft and drop 2 floors!
  1409 | D:4      | Noticed a scorpion
  1410 | D:4      | Noticed an ogre
  1441 | D:3      | Learned a level 2 spell: Searing Ray
  1445 | D:3      | Learned a level 3 spell: Dazzling Flash
  1565 | D:2      | Noticed Jessica
  1622 | D:2      | Reached ** piety under Lugonu
  1630 | D:2      | Killed Jessica
  1631 | D:2      | Reached skill level 5 in Spellcasting
  1631 | D:2      | Reached skill level 5 in Conjurations
  1631 | D:2      | Reached XP level 4. HP: 24/24 MP: 3/13
  2577 | D:3      | Learned a level 4 spell: Fulminant Prism
  2582 | D:3      | Learned a level 4 spell: Iskenderun's Mystic Blast
  2952 | D:3      | Noticed Natasha
  2959 | D:3      | Killed Natasha
  2960 | D:3      | Reached skill level 6 in Spellcasting
  2960 | D:3      | Reached skill level 1 in Hexes
  2960 | D:3      | Reached XP level 5. HP: 27/28 MP: 6/15
  3141 | D:3      | Noticed Natasha
  3146 | D:3      | Killed Natasha
  3250 | D:3      | Noticed Natasha
  3262 | D:3      | Killed Natasha
  3419 | D:4      | Killed an ogre
  3420 | D:4      | Reached skill level 7 in Spellcasting
  3420 | D:4      | Reached XP level 6. HP: 32/32 MP: 10/18
  3426 | D:4      | Learned a level 1 spell: Slow
  3613 | D:4      | Reached *** piety under Lugonu
  3840 | D:4      | Reached skill level 5 in Hexes
  3910 | D:4      | Reached XP level 7. HP: 36/36 MP: 16/20
  4011 | D:4      | Found a staircase to the Ecumenical Temple.
  4098 | D:4      | Found a burning altar of Makhleb.
  4103 | D:4      | Reached skill level 8 in Spellcasting
  4219 | D:5      | Entered Level 5 of the Dungeon
  4232 | D:5      | Found a shimmering blue altar of Sif Muna.
  4250 | D:5      | Reached skill level 1 in Invocations
  4307 | D:5      | Found a hide-covered altar of Uskayaw.
  5070 | D:5      | Learned a level 3 spell: Gell's Gravitas
  5074 | D:5      | Learned a level 3 spell: Teleport Other
  5420 | D:5      | Reached skill level 1 in Translocations
  5420 | D:5      | Reached XP level 8. HP: 41/41 MP: 2/22
  5542 | D:5      | Found a sparkling altar of Nemelex Xobeh.
  6104 | D:6      | Reached **** piety under Lugonu
  6174 | D:6      | Found a snail-covered altar of Cheibriados.
  6266 | D:6      | Reached skill level 5 in Translocations
  6266 | D:6      | Reached skill level 5 in Invocations
  6527 | D:6      | Found a basalt altar of Yredelemnul.
  6547 | D:6      | Found a radiant altar of Vehumet.
  6668 | D:6      | Found a stormy altar of Qazlal.
  6668 | D:6      | Found a blossoming altar of Fedhas.
  7153 | D:7      | Reached XP level 9. HP: 16/45 MP: 3/23
  7696 | D:7      | Found a bloodstained altar of Trog.
  7763 | D:7      | Reached skill level 1 in Fighting
  8516 | D:8      | Noticed a troll
  8973 | D:8      | Found a shadowy altar of Dithmenos.
  9093 | D:8      | Reached skill level 5 in Dodging
  9350 | D:8      | Killed a troll
  9562 | D:8      | Reached skill level 5 in Fighting
  9893 | D:8      | Found a white marble altar of Elyvilon.
 10105 | D:9      | Noticed Harold
 10140 | D:9      | Reached XP level 10. HP: 59/59 MP: 8/24
 10470 | D:9      | Found a flagged portal.
 10496 | Bailey   | Entered a bailey
 11162 | D:1      | Bought an amulet of magic regeneration for 300 gold pieces
 11293 | D:9      | Found a glowing golden altar of the Shining One.
 11487 | D:9      | Noticed Maggie
 11501 | D:9      | Killed Maggie
 11527 | D:9      | HP: 1/64 [Harold/+0 trident (13)]
 11536 | D:9      | Killed Harold
 11537 | D:9      | Reached XP level 11. HP: 26/68 MP: 1/25
 11838 | D:9      | Found an ancient bone altar of Kikubaaqudgha.
 12014 | D:10     | Entered Level 10 of the Dungeon
 12256 | D:10     | Reached ***** piety under Lugonu
 12346 | D:10     | Found a transporter.
 12392 | D:10     | Found a transporter.
 12397 | D:10     | Found a transporter.
 12552 | D:10     | Found a transporter.
 12619 | D:10     | Reached skill level 9 in Spellcasting
 12639 | D:10     | Noticed Joseph
 12771 | D:10     | Killed Joseph
 13136 | D:10     | Reached skill level 10 in Spellcasting
 13479 | D:11     | Noticed a boulder beetle
 13672 | D:11     | Noticed a boulder beetle
 13753 | D:11     | Noticed Erica
 13786 | D:11     | Killed Erica
 13787 | D:11     | Reached skill level 11 in Spellcasting
 13827 | D:11     | Banished a boulder beetle
 13847 | D:11     | Found a staircase to the Lair.
 14025 | D:11     | Noticed a two-headed ogre
 14034 | D:11     | Killed a two-headed ogre
 14161 | D:11     | Reached skill level 1 in Evocations
 14194 | D:11     | Noticed Psyche
 14198 | D:11     | Killed Psyche
 14469 | Lair:1   | Entered Level 1 of the Lair of Beasts
 14476 | Lair:1   | Learned a level 5 spell: Summon Forest
 14481 | Lair:1   | Learned a level 4 spell: Cause Fear
 14923 | Lair:1   | Reached skill level 5 in Evocations
 14925 | Lair:1   | Reached XP level 12. HP: 76/76 MP: 9/29
 15451 | Lair:2   | Noticed a six-headed hydra
 15544 | Lair:2   | Found a hole to the Spider Nest.
 15619 | Lair:2   | Reached skill level 1 in Fire Magic
 15619 | Lair:2   | Reached skill level 1 in Poison Magic
 15656 | Lair:2   | Reached skill level 1 in Summonings
 15842 | Lair:2   | Noticed a six-headed hydra
 15852 | Lair:2   | Killed a six-headed hydra
 15930 | Lair:2   | Noticed a death yak
 15946 | Lair:2   | Killed a death yak
 15951 | Lair:2   | Noticed a death yak
 15959 | Lair:2   | Killed a death yak
 15963 | Lair:2   | Noticed a death yak
 15964 | Lair:2   | Noticed a death yak
 15970 | Lair:2   | Killed a death yak
 15989 | Lair:2   | Killed a death yak
 15997 | Lair:2   | Killed a six-headed hydra
 16184 | D:11     | Banished a boulder beetle
 16344 | D:1      | Bought a +6 ring of intelligence for 360 gold pieces
 16529 | Lair:2   | Noticed Sonja
 16530 | Lair:2   | Banished Sonja
 16534 | Lair:2   | Noticed Gastronok
 16536 | Lair:2   | Banished Gastronok
 16943 | Spider:1 | Entered Level 1 of the Spider Nest
 16973 | Lair:3   | Noticed a boulder beetle
 16992 | Lair:3   | Killed a boulder beetle
 17166 | Lair:3   | Reached skill level 5 in Summonings
 17188 | Lair:3   | Reached XP level 13. HP: 73/80 MP: 19/30
 17203 | Lair:3   | Found a staircase to the Swamp.
 17232 | Lair:3   | Engulfed by a ghost crab's spectral mist

Illustrated notes

Levels and vault maps discovered:
D:1:      sevenhm_arrival_forest_fort_large_2, layout_basic, serial_shops,
          nicolae_shop_gaudy_bauble, chequers_ecumenical_altar_island
D:2:      minmay_diamond_boxcup, layout_loops_ring, uniq_jessica
D:3:      layout_basic, uniq_natasha
D:4:      layout_cave_pools, makhleb_blood_cavern_becter, temple_doors_ab
D:5:      layout_basic, mainiacjoe_overflow_alcove_1, nemelex_dance_club_becter,
          nicolae_uskayaw_suspiria
D:6:      layout_rooms, grunt_temple_overflow_forces_of_nature,
          mainiacjoe_overflow_paths, yredelemnul_altar_generic,
          mainiacjoe_overflow_brackets, serial_park_tiny_pond
D:7:      layout_loops_corners, mainiacjoe_overflow_small_starburst,
          chequers_garden, kennysheep_potato
D:8:      layout_basic, grunt_dithmenos_smoke, kennysheep_mini_moat
D:9:      layout_roguey, lemuel_zombie_altar_kikubaaqudgha,
          nicolae_overflow_crystal_walls, enter_bailey_5, uniq_maggie,
          uniq_harold
D:10:     layout_gridville, nicolae_transporter_intersection, uniq_joseph
D:11:     layout_basic, lair_entry_dummy, uniq_erica, uniq_psyche
Lair:1:   layout_roguey
Lair:2:   layout_long_grid, spider_nest_entry_web_field, lemuel_fruit_fields,
          lemuel_fruit_tree, uniq_gastronok, uniq_sonja
Lair:3:   layout_loops_ring, nicolae_swamp_entry_spooky, gauntlet_entry_generic,
          pf_torpor_hydra
Spider:1: layout_chambers, uniq_jorgrun

Skill      XL: |  1  2  3  4  5  6  7  8  9 10 11 12 |
---------------+-------------------------------------+-----
Spellcasting   | 4 5 6 7 8 11 | 11.0
Conjurations   | 5 9 |  9.0
Hexes          | 1 3 5 7 9 |  9.0
Invocations    | 3 6 7 9 |  9.0
Translocations | 1 6 7 |  7.0
Fighting       | 5 8 9 |  9.0
Dodging        | 6 9 |  9.0
Evocations     | 5 |  5.0
Fire Magic     | 3 |  3.0
Poison Magic   | 3 |  3.0
Summonings     | 5 |  5.3
Stealth        | |  2.4

Action                     |  1- 3 |  4- 6 |  7- 9 | 10-12 | 13-15 || total
---------------------------+-------+-------+-------+-------+-------++-------
  Melee: Dagger            |     9 |     1 |    10 |       |       ||    20
         Staff             |       |       |     2 |     1 |       ||     3
   Cast: Magic Dart        |    52 |   110 |   153 |    68 |       ||   383
         Searing Ray       |     2 |     3 |    31 |    16 |       ||    52
         Fulminant Prism   |       |     6 |    28 |    78 |     1 ||   113
         Slow              |       |     1 |     2 |     1 |       ||     4
         Iskenderun's Myst |       |       |    23 |   159 |     7 ||   189
         Teleport Other    |       |       |     3 |     8 |       ||    11
         Cause Fear        |       |       |       |     1 |       ||     1
 Invoke: Banish            |       |       |     1 |     5 |       ||     6
    Use: Scroll            |     1 |       |     6 |    21 |     1 ||    29
         Potion            |       |       |       |     5 |     1 ||     6
 Armour: Robe              |    14 |     4 |     9 |     4 |     6 ||    37
         Troll leather arm |       |       |       |    16 |       ||    16
  Dodge: Dodged            |    22 |    12 |    25 |    69 |     7 ||   135
  Block: Other             |       |       |     5 |     1 |       ||     6
         Reflection        |       |       |     2 |       |       ||     2
